 Dungeon Crawl Stone Soup version 0.18-a0-816-g97f838e (webtiles) character file.

116 benitares the Insei (level 4, 0/52 HPs)
             Began as a Demonspawn Monk on Dec 15, 2015.
             Engulfed by a cloud of flame (10 damage)
             ... on level 4 of the Dungeon.
             The game lasted 00:03:15 (3558 turns).

benitares the Insei (Demonspawn Monk)               Turns: 3558, Time: 00:03:15

Health: 0/52       AC: 22    Str: 11    XL:     4   Next: 70%
Magic:  4/4        EV:  2    Int: 12    God:
Gold:   196        SH:  0    Dex: 16    Spells: 0 memorised, 3 levels left

rFire  . . .     SeeInvis .       - Unarmed
rCold  . . .     Clarity  .     (armour currently unavailable)
rNeg   + + +     SustAt   .     (no shield)
rPois  +         Gourm    .     (helmet currently unavailable)
rElec  .         Spirit   .     (cloak currently unavailable)
rCorr  .         Dismiss  .     (gloves currently unavailable)
rMut   .         NoTele   +     (boots currently unavailable)
MR     .....                    (no amulet)
Stlth  ++........               (no ring)
                                (no ring)

@: confused, lethally poisoned (0 -> -5), tree-form, not resistant to hostile
enchantments, unstealthy
A: (cold resistance 0), nightstalker 1
a: no special abilities


You were on level 4 of the Dungeon.
You were not hungry.
You were a tree.
You visited 1 branch of the dungeon, and saw 4 of its levels.

You collected 196 gold pieces.

Inventory:

Armour
 a - a +1 robe (melded)
Jewellery
 e - a cursed -2 ring of dexterity {unknown}
Scrolls
 g - 5 scrolls of identify {unknown}
 h - a scroll of recharging
 n - a scroll of noise
 o - a scroll of immolation
 t - a scroll of remove curse
Potions
 c - 2 potions of invisibility {unknown}
 f - a potion of ambrosia
 k - a potion of resistance {unknown}
 l - 2 potions of lignification
 m - 2 potions of poison {unknown}
 p - a potion of agility {unknown}
 q - a potion of curing {unknown}
 r - a potion of flight {unknown}
 s - a potion of degeneration {unknown}
 u - a potion of heal wounds {unknown}
 v - a potion of might {unknown}
 w - a potion of magic {unknown}
Comestibles
 b - 3 bread rations
 i - a slice of pizza
 j - a beef jerky
 x - a chunk of flesh


   Skills:
 - Level 3.0 Fighting
 - Level 2.6 Dodging
 - Level 1.7 Stealth
 + Level 5.6 Unarmed Combat


You had 3 spell levels left.
You didn't know any spells.

Dungeon Overview and Level Annotations

Branches:
Dungeon (4/15)
 Temple: D:4-7

Altars:
Vehumet


Innate Abilities, Weirdness & Mutations

((Your flesh is cold resistant.))
You are slightly more attuned to the shadows.


Message History

It was a potion of lignification.
You turn into a tree.
Your +1 robe melds into your body.
Your roots penetrate the ground.
The adder bites you but does no damage.
You closely miss the adder.
You feel sick. The adder bites you.
You pummel the adder!!
The adder explodes!
The fiery explosion engulfs the adder.
The adder explodes!
The fiery explosion engulfs the adder.
The adder explodes!
The fiery explosion engulfs you!
Ouch! That really hurt!
* * * LOW HITPOINT WARNING * * *
You are engulfed in roaring flames.
You're standing in a cloud of flame!
Drink which item? (? for menu, Esc to quit)
It was a potion of ambrosia.
You are confused.
You feel invigorated.
You are engulfed in roaring flames.
You die...

.......#
##.#...##
........#
####...##
##..#
##§##
#§§# ##§#
#♣#
.......#
.....###
..### .


There were no monsters in sight!

Vanquished Creatures
  4 adders
  An ooze (D:1)
  2 worms (D:3)
  4 giant geckos
  4 orcs (D:3)
  2 giant cockroaches (D:3)
  9 hobgoblins
  3 jackals (D:3)
  8 kobolds
  A ball python (D:1)
  4 bats
  3 giant newts
  8 goblins
  7 rats
60 creatures vanquished.

Notes
Turn   | Place    | Note
--------------------------------------------------------------
     0 | D:1      | benitares the Demonspawn Monk began the quest for the Orb.
     0 | D:1      | Reached XP level 1. HP: 18/18 MP: 1/1
   437 | D:1      | Reached skill level 4 in Unarmed Combat
   442 | D:1      | Gained mutation: You are slightly more attuned to the shadows. [demonic ancestry]
   442 | D:1      | Reached XP level 2. HP: 18/24 MP: 2/2
  1057 | D:1      | Gained mutation: Your flesh is cold resistant. [demonic ancestry]
  1057 | D:1      | Reached XP level 3. HP: 29/29 MP: 3/3
  2498 | D:3      | Found a radiant altar of Vehumet.
  2508 | D:3      | Reached skill level 5 in Unarmed Combat
  2837 | D:3      | Reached XP level 4. HP: 33/35 MP: 4/4
  3558 | D:4      | Engulfed by a cloud of flame

Vault maps used:
D:1:      dpeg_arrival_brainrot
D:2:      first_bread, minmay_door_square
D:3:      old_standard_altar
D:4:      tgw_sif, guppyfry_early_lair_pool

Action                   |  1- 3 |  4- 6 || total
-------------------------+-------+-------++-------
Melee: Unarmed           |   158 |    44 ||   202
  Use: Scroll            |       |     5 ||     5
       Potion            |       |     2 ||     2
 Stab: Sleeping          |    11 |     3 ||    14
       Distracted        |     1 |       ||     1
  Eat: Chunk             |     6 |     2 ||     8
